 Dungeon Crawl Stone Soup version 0.20.1-1-g8b1a95d (webtiles) character file.

9739 empire the Protected (level 11, -7/67 HPs)
             Began as a Gargoyle Fighter on Aug 18, 2017.
             Was a Priest of Nemelex Xobeh.
             Mangled by an ice beast (13 damage)
             ... summoned by Fannar
             ... on level 11 of the Dungeon on Aug 21, 2017.
             The game lasted 00:29:22 (11120 turns).

empire the Protected (Gargoyle Fighter)            Turns: 11120, Time: 00:29:24

Health: -7/67      AC: 27    Str: 22    XL:     11   Next: 51%
Magic:  14/14      EV:  7    Int:  9    God:    Nemelex Xobeh [***...]
Gold:   455        SH: 17    Dex: 10    Spells: 10/10 levels left

rFire    . . .     SeeInvis .   a - +2 flail
rCold    . . .     Gourm    .   c - +0 shield
rNeg     + . .     Faith    .   j - +0 chain mail
rPois    ∞         Spirit   .   D - +0 helmet
rElec    +         Reflect  +   v - +0 cloak
rCorr    .         Harm     .   H - +2 pair of gloves
MR       .....                  n - +0 pair of boots
Stlth    ..........             R - +5 amulet of reflection (curse)
Regen    0.3/turn               e - ring of flight
MPRegen  0.2/turn               (no ring)

@: no status effects
A: negative energy resistance 1, electricity resistance, unbreathing,
petrification resistance, rot immunity, AC +7
a: Triple Draw, Renounce Religion, Evoke Flight


You were on level 11 of the Dungeon.
You worshipped Nemelex Xobeh.
Nemelex Xobeh was most pleased with you.
You were hungry.

You visited 3 branches of the dungeon, and saw 13 of its levels.
You also visited: Sewer.

You collected 599 gold pieces.
You spent 144 gold pieces at shops.

Inventory:

Hand Weapons
 a - a +2 flail (weapon)
 b - the +9 battleaxe of Painful Death {venom, rC+ rN+ Dex-3}
   (You found it on level 6 of the Dungeon)

   It poisons the flesh of those it strikes.
   It affects your dexterity (-3).
   It protects you from cold.
   It protects you from negative energy.
 K - the +2 rapier "Qosiroat" {flame, Int+4}
   (You took it off an orc wizard on level 8 of the Dungeon)

   It has been specially enchanted to burn those struck by it, causing extra
   injury to most foes and up to half again as much damage against particularly
   susceptible opponents.
   It affects your intelligence (+4).
 N - a +0 flail of protection
Armour
 c - a +0 shield (worn)
 j - a +0 chain mail (worn)
 n - a +0 pair of boots (worn)
 r - a scarf of resistance
 v - a +0 cloak (worn)
 D - a +0 helmet (worn)
 H - a +2 pair of gloves (worn)
Magical Staves
 J - an uncursed staff of power {unknown}
Jewellery
 e - a ring of flight (left hand)
 k - an uncursed amulet of guardian spirit
 C - an uncursed amulet of magic regeneration
 R - a cursed +5 amulet of reflection (around neck)
 Y - a cursed -5 ring of intelligence {unknown}
Wands
 w - a wand of acid (7/15)
 O - a wand of paralysis (17/24)
 T - a wand of acid (4/15)
 U - a wand of paralysis (16/24)
 W - a wand of disintegration (16/24)
 X - a wand of clouds (7/9)
 Z - a wand of polymorph (9/24)
Scrolls
 l - a scroll of fear {unknown}
 o - 2 scrolls of magic mapping {unknown}
 q - 6 scrolls of teleportation
 A - a scroll of amnesia {unknown}
 F - a scroll of fog
 M - 4 scrolls of remove curse
 Q - 3 scrolls of identify
 V - a scroll of recharging
Potions
 d - 2 potions of might
 g - 4 potions of brilliance
 m - 2 potions of lignification
 p - 2 potions of degeneration
 u - 3 potions of magic
 x - a potion of heal wounds
 y - 5 potions of curing
 z - 2 potions of flight
 B - 2 potions of agility
Books
 E - a book of Misfortune

   Spells                             Type                      Level
   a - Confusing Touch                Hexes                        1
   b - Confuse                        Hexes                        3
   c - Gell's Gravitas                Translocation                3
   d - Petrify                        Transmutation/Earth          4
   e - Metabolic Englaciation         Hexes/Ice                    5
   f - Yara's Violent Unravelling     Hexes/Transmutation          5
 L - a book of Battle

   Spells                             Type                      Level
   a - Infusion                       Charms                       1
   b - Shroud of Golubria             Charms/Translocation         2
   c - Song of Slaying                Charms                       2
   d - Spectral Weapon                Hexes/Charms                 3
   e - Regeneration                   Charms/Necromancy            3
Miscellaneous
 s - a plain deck of summoning {drawn: 5}
 G - a plain deck of escape
 I - a plain deck of destruction
 P - a plain deck of summoning
 S - a plain deck of destruction
Comestibles
 f - 9 bread rations
 h - 4 meat rations
 i - 3 royal jellies
 t - 6 fruits


   Skills:
 + Level 7.6 Fighting
 + Level 9.6 Maces & Flails
 + Level 10.5 Armour
 + Level 10.4 Shields
 + Level 5.3 Invocations


You had 10 spell levels left.
You didn't know any spells.

Dungeon Overview and Level Annotations

Branches:
Dungeon (11/15)            Temple (1/1) D:5            Lair (1/6) D:8
    Orc (0/2) D:10

Altars:
Ashenzari
Cheibriados
Dithmenos
Elyvilon
Fedhas
Gozag
Hepliaklqana
Kikubaaqudgha
Makhleb
Nemelex Xobeh
Okawaru
Qazlal
Ru
Sif Muna
Trog
Uskayaw
Vehumet
Xom
Yredelemnul
Zin
The Shining One
Lugonu

Shops:
D:4 !   D:7 [   D:9 (

Annotations:
D:5 Prince Ribbit
D:11 Fannar


Innate Abilities, Weirdness & Mutations

You are resistant to torment.
Your stone body is resilient. (AC +7)
You are immune to poison.
You resist negative energy. (rN+)
You are resistant to electric shocks. (rElec)
You can survive without breathing.
You are immune to petrification.
You are immune to rotting.


Message History

You block the ice beast's attack.
The ice beast hits you but does no damage.
You sock the ice beast!
The ice beast is heavily wounded.
The ice beast hits you but does no damage.
The ice beast hits you. The ice beast freezes you!
You bludgeon the ice beast!!
You kill the ice beast!
You block the ice beast's attack. Fannar casts a spell at you.
The bolt of cold hits the ice beast.
The ice beast completely resists.
The bolt of cold hits you!
* * * LOW HITPOINT WARNING * * *
You hit the kobold.
You kill the kobold!
The ice beast hits you.
* * * LOW HITPOINT WARNING * * *
The ice beast freezes you!
You die...
Your body disappears without a glow. #######+#....(. #####.##. ............... ......... ............?. .......#. ............####+######.... .......................#..# #....(#.............#..# #.....##............##.. #..#.#e†##.#.........##..
KK)

#.##Y@..##........###. K
.. ##Y#..##..########.
........##............##
#.....#..##.#.........##
#.....##....##........##
..#.#..##.#..##.......##
. #. #....##..........##
...##....##.........'. .
...................#.


You could see Fannar and 2 ice beasts.

Vanquished Creatures
  Grinder (D:3)
  2 hippogriffs
  A spriggan (D:7)
  7 yaks
  2 wraiths (D:10)
  A basilisk (D:8)
  3 wargs (D:10)
  Menkaure (D:4)
  A soldier ant (D:11)
  3 porcupines (D:8)
  2 ice beasts
  3 orc warriors
  2 sky beasts
  A black bear (D:9)
  2 phantoms
  6 ogres
  2 centaurs
  The ghost of BGT the Bolt Thrower, an amateur KoHu (D:7)
  5 crocodiles
  5 bullfrogs
  6 big kobolds
  5 scorpions
  3 howler monkeys
  6 crimson imps
  3 hounds
  4 jellies
  3 orc priests (D:7)
  12 orc wizards
  Crazy Yiuf (D:4)
  4 bullfrog skeletons
  Ijyb (D:3)
  3 centaur skeletons
  Natasha (thrice) (D:4)
  Terence (D:3)
  3 iguanas
  10 worker ants
  4 hound zombies
  2 worker ant zombies
  4 gnolls (D:9)
  A howler monkey skeleton (D:4)
  2 river rats (Sewer)
  15 adders
  A shadow imp (D:11)
  2 oozes
  An adder zombie (D:5)
  3 adder skeletons
  5 worms
  3 dart slugs
  5 leopard geckos
  25 orcs
  4 ball pythons
  10 giant cockroaches
  5 goblins
  10 hobgoblins
  25 kobolds
  7 quokkas
  7 bats
  4 frilled lizards
  A quokka zombie (D:8)
  11 rats
  2 demonic plants (Temple)
  A plant (D:8)
279 creatures vanquished.

Vanquished Creatures (collateral kills)
  A two-headed ogre (D:8)
  A torpor snail (shapeshifter) (D:10)
  2 trolls (D:10)
  A wraith (D:10)
  A centaur (D:8)
  A gnoll sergeant (D:10)
  A bullfrog (D:10)
  5 gnolls (D:10)
  4 jackals (D:10)
17 creatures vanquished.

Vanquished Creatures (others)
  A phantom (D:10)
  A bullfrog zombie (D:6)
  A kobold (D:11)
  4 fungi
  5 plants (D:8)
12 creatures vanquished.

Grand Total: 308 creatures vanquished

Notes
Turn   | Place    | Note
-------+----------+-------------------------------------------
     0 | D:1      | empire the Gargoyle Fighter began the quest for the Orb.
     0 | D:1      | Reached XP level 1. HP: 14/14 MP: 1/1
    69 | D:1      | Reached XP level 2. HP: 17/19 MP: 2/2
   296 | D:1      | Reached XP level 3. HP: 23/24 MP: 1/3
  1073 | D:2      | Reached XP level 4. HP: 28/29 MP: 4/4
  1123 | D:2      | Found a basalt altar of Yredelemnul.
  1229 | D:2      | Found an ancient bone altar of Kikubaaqudgha.
  1716 | D:3      | Found a hazy altar of Hepliaklqana.
  1738 | D:3      | Noticed Ijyb
  1785 | D:3      | Killed Ijyb
  1785 | D:3      | Reached XP level 5. HP: 33/33 MP: 3/5
  1811 | D:3      | Noticed Terence
  1823 | D:3      | Killed Terence
  1824 | D:3      | Noticed an ogre
  1824 | D:3      | Noticed an ice beast
  1843 | D:3      | Found a shadowy altar of Dithmenos.
  1919 | D:3      | Noticed Grinder
  1919 | D:3      | Paralysed by Grinder for 4 turns
  1935 | D:3      | Paralysed by Grinder for 4 turns
  1954 | D:3      | Paralysed by Grinder for 7 turns
  1978 | D:3      | Killed Grinder
  1978 | D:3      | Reached skill level 5 in Shields
  1978 | D:3      | Reached XP level 6. HP: 11/40 MP: 1/6
  2033 | D:3      | Found a glowing drain.
  2066 | D:3      | Reached skill level 5 in Armour
  2067 | D:3      | Reached XP level 7. HP: 13/44 MP: 4/7
  2087 | Sewer    | Entered a sewer
  2376 | Sewer    | Reached skill level 5 in Fighting
  2735 | D:3      | Found a radiant altar of Vehumet.
  2871 | D:3      | Found a glowing silver altar of Zin.
  3249 | D:4      | Noticed Natasha
  3259 | D:4      | Killed Natasha
  3290 | D:4      | Found a blossoming altar of Fedhas.
  3296 | D:4      | Noticed Natasha
  3304 | D:4      | Killed Natasha
  3350 | D:4      | Noticed Natasha
  3363 | D:4      | Killed Natasha
  3363 | D:4      | Reached XP level 8. HP: 44/49 MP: 6/8
  3438 | D:4      | Found a runed door.
  3467 | D:4      | Found Awecsar's Distillery.
  3502 | D:4      | Reached skill level 5 in Maces & Flails
  3737 | D:4      | Bought a potion of degeneration for 12 gold pieces
  3737 | D:4      | Bought a potion of lignification for 36 gold pieces
  3737 | D:4      | Bought a potion of invisibility for 96 gold pieces
  3770 | D:4      | Noticed Menkaure
  3776 | D:4      | Killed Menkaure
  3923 | D:4      | Found a burning altar of Makhleb.
  4029 | D:4      | Noticed Crazy Yiuf
  4034 | D:4      | Killed Crazy Yiuf
  4285 | D:5      | Entered Level 5 of the Dungeon
  4295 | D:5      | Found a white marble altar of Elyvilon.
  4421 | D:5      | Found a bloodstained altar of Trog.
  4779 | D:5      | Reached XP level 9. HP: 30/54 MP: 6/9
  4825 | D:5      | Noticed Prince Ribbit
  4839 | D:5      | Found a radiant altar of Vehumet.
  5147 | D:5      | Found a staircase to the Ecumenical Temple.
  5191 | Temple   | Entered the Ecumenical Temple
  5293 | Temple   | Became a worshipper of Nemelex Xobeh the Trickster
  5501 | D:6      | Received a gift from Nemelex Xobeh
  5575 | D:6      | Got a pitted battleaxe
  6438 | D:7      | Reached * piety under Nemelex Xobeh
  6464 | D:7      | Received a gift from Nemelex Xobeh
  6752 | D:7      | Found Sodalo's Antique Armour Shoppe.
  6769 | D:7      | Noticed BGT's ghost (amateur KoHu)
  6781 | D:7      | Killed BGT's ghost
  6900 | D:7      | Identified the +9 battleaxe of Painful Death {venom, rC+ rN+ Dex-3} (You found it on level 6 of the Dungeon)
  7428 | D:8      | Noticed a two-headed ogre
  7450 | D:8      | Killed a two-headed ogre
  7450 | D:8      | Reached XP level 10. HP: 8/59 MP: 2/10
  7731 | D:8      | Received a gift from Nemelex Xobeh
  7803 | D:8      | Reached skill level 1 in Invocations
  7831 | D:8      | Found a shimmering altar of Xom.
  7831 | D:8      | Found a shimmering altar of Xom.
  7833 | D:8      | Found a shimmering altar of Xom.
  7834 | D:8      | Found a shimmering altar of Xom.
  8223 | D:8      | Found a snail-covered altar of Cheibriados.
  8226 | D:8      | Found an opulent altar of Gozag.
  8267 | D:8      | Reached ** piety under Nemelex Xobeh
  8311 | D:8      | Found a deep blue altar of Sif Muna.
  8317 | D:8      | Noticed a shining eye
  8317 | D:8      | a floating eye changed into a shining eye
  8328 | D:8      | Found a staircase to the Lair.
  8343 | Lair:1   | Entered Level 1 of the Lair of Beasts
  8487 | D:8      | Found a hide-covered altar of Uskayaw.
  8563 | D:8      | Got an encrusted rapier {flame}
  8564 | D:8      | Identified the cursed +2 rapier "Qosiroat" {flame, Int+4} (You took it off an orc wizard on level 8 of the Dungeon)
  8952 | D:9      | Found an iron altar of Okawaru.
  8953 | D:9      | Received a gift from Nemelex Xobeh
  9071 | D:9      | Found Assekys's Antique Weapon Boutique.
  9519 | D:10     | Entered Level 10 of the Dungeon
  9530 | D:10     | Received a gift from Nemelex Xobeh
  9578 | D:10     | Reached skill level 10 in Shields
  9580 | D:10     | Noticed a sixfirhy
  9619 | D:10     | Reached XP level 11. HP: 54/66 MP: 12/14
  9772 | D:10     | Found a staircase to the Orcish Mines.
  9784 | D:10     | Reached skill level 10 in Armour
  9920 | D:10     | Reached *** piety under Nemelex Xobeh
  9964 | D:10     | Received a gift from Nemelex Xobeh
 10078 | D:10     | Noticed Josephine
 10085 | D:10     | Noticed Josephine
 10085 | D:10     | Josephine changed into Josephine the glowing shapeshifter
 10086 | D:10     | Noticed Josephine
 10086 | D:10     | Josephine the glowing shapeshifter changed into Josephine the orb spider
 10093 | D:10     | Noticed Josephine
 10093 | D:10     | Noticed Josephine
 10093 | D:10     | Josephine the merfolk changed into Josephine the faun
 10096 | D:10     | Noticed Josephine
 10096 | D:10     | Josephine the faun changed into Josephine the glowing orange brain
 10097 | D:10     | Noticed Josephine
 10097 | D:10     | Josephine the glowing orange brain changed into Josephine the torpor snail
 10100 | D:10     | Killed Josephine the torpor snail
 10750 | D:11     | Reached skill level 5 in Invocations
 11071 | D:11     | Noticed Fannar
 11120 | D:11     | Mangled by an ice beast

Skill      XL: |  1  2  3  4  5  6  7  8  9 10 11 |
---------------+----------------------------------+-----
Fighting       | 4 5 6 7 |  7.6
Shields        | 4 5 6 7 9 10 | 10.4
Armour         | 4 5 7 9 10 | 10.5
Maces & Flails | 3 4 6 8 9 |  9.6
Invocations    | 4 5 |  5.3

Action                   |  1- 3 |  4- 6 |  7- 9 | 10-12 || total
-------------------------+-------+-------+-------+-------++-------
Melee: Flail             |   113 |   197 |   791 |   568 ||  1669
       Rapier            |       |       |       |    37 ||    37
Evoke: Deck              |       |       |     1 |    17 ||    18
  Use: Scroll            |     2 |       |    17 |     6 ||    25
       Potion            |       |     5 |     3 |     2 ||    10
 Stab: Invisible         |       |       |     1 |       ||     1
  Eat: Chunk             |     1 |     3 |    19 |    12 ||    35
       Fruit             |       |       |     1 |       ||     1
Armor: Scale mail        |    70 |    32 |       |       ||   102
       Chain mail        |       |   160 |   526 |   420 ||  1106
Dodge: Dodged            |    31 |    52 |   191 |   171 ||   445
Block: Shield            |    50 |   128 |   421 |   445 ||  1044
       Reflection        |       |       |       |     1 ||     1
